 Seeded DCSS version 0.31-a0-851-g7ff8af7976 (webtiles) character file.

Game seed: 13807165503588990860 (custom seed)

51587 GigaChad the Severer (level 15, -2/119 HPs) *EXPLORE*
             Began as a Formicid Fighter on Oct 6, 2023.
             Was a High Priest of the Shining One.
             Slain by a merfolk
             ... wielding a +0 trident
             ... led by a merfolk aquamancer
              (9 damage)
             ... on level 1 of the Shoals.
             The game lasted 00:22:46 (16228 turns).

GigaChad the Severer (Formicid Fighter)            Turns: 16228, Time: 00:22:47

Health: -2/119     AC: 20    Str: 34    XL:     15   Next: 2%
Magic:  36/36      EV: 13    Int:  6    God:    the Shining One [*****.]
Gold:   1716       SH:  7    Dex: 16    Spells: 30/30 levels left

rFire   + . .        E - +6 battleaxe of Prudence {heavy, MP+9}
rCold   . . .        c - +0 buckler
rNeg    + + .        b - +0 plate armour {rF+}
rPois   +            (helmet unavailable)
rElec   +            n - +2 cloak
rCorr   .            S - +1 pair of gloves {hurl}
SInv    +            (no boots)
Will    .....        o - amulet of the acrobat Stlth
                     I - ring of Saympi {rElec rPois EV+5 Int-2 Dex+3}
HPRegen 0.39/turn    L - +6 ring of strength
MPRegen 0.25/turn

%: acrobat
@: weak-willed, mesmerised, glowing, very slow
A: permanent stasis, dig shafts and tunnels, antennae 3, four strong arms
a: Dig, Shaft Self, Renounce Religion, Divine Shield, Cleansing Flame, Summon
Divine Warrior


You were on level 1 of the Shoals.
You worshipped the Shining One.
The Shining One was extremely pleased with you.
You visited 4 branches of the dungeon, and saw 15 of its levels.
You also visited: Sewer and Volcano.

You collected 1980 gold pieces.
You spent 264 gold pieces at shops.

Inventory:

Hand Weapons
 a - a +3 war axe
 m - a +2 quarterstaff of chaos
 E - the +6 battleaxe of Prudence (weapon) {heavy, MP+9}
   (You bought it in a shop on level 8 of the Dungeon)

   MP+9:      It affects your magic capacity (+9).
 N - a +2 hand cannon of flaming
Missiles
 y - a throwing net
Armour
 b - a +0 plate armour of fire resistance (worn)
 c - a +0 buckler (worn)
 n - a +2 cloak (worn)
 S - a +1 pair of gloves of hurling (worn)
 T - a +2 plate armour of cold resistance
Jewellery
 o - an amulet of the acrobat (around neck)
 p - a ring of fire
 v - a ring of protection from fire
 z - a ring of flight
 A - a ring of positive energy
 I - the ring of Saympi (left hand) {rElec rPois EV+5 Int-2 Dex+3}
   (You found it on level 3 of the Lair of Beasts)

   [ring of evasion]

   EV+5:      It affects your evasion (+5).
   Int-2:     It affects your intelligence (-2).
   Dex+3:     It affects your dexterity (+3).
   rElec:     It insulates you from electricity.
   rPois:     It protects you from poison
 L - a +6 ring of strength (right hand)
Talismans
 J - a maw talisman
Wands
 w - a wand of paralysis (7)
 C - a wand of mindburst (6)
 G - a wand of flame (39)
 P - a wand of polymorph (4)
 U - a wand of quicksilver (4)
Scrolls
 e - 6 scrolls of vulnerability
 h - 11 scrolls of identify
 j - 2 scrolls of revelation
 q - 3 scrolls of amnesia
 r - a scroll of immolation
 D - a scroll of butterflies {unknown}
 F - a scroll of silence
 K - 2 scrolls of enchant weapon
 M - a scroll of blinking {unknown}
Potions
 d - 8 potions of might
 f - 7 potions of haste
 g - 4 potions of enlightenment {unknown}
 i - 2 potions of lignification {unknown}
 k - 6 potions of mutation
 l - 4 potions of curing {unknown}
 s - 3 potions of cancellation {unknown}
 t - a potion of invisibility {unknown}
 u - 2 potions of resistance {unknown}
 x - 4 potions of heal wounds {unknown}
 B - a potion of berserk rage {unknown}
 O - a potion of magic {unknown}
 R - a potion of degeneration {unknown}
Miscellaneous
 H - a condenser vane
 Q - a phantom mirror


   Skills:
 * Level 11.6 Fighting
 * Level 16.1 Axes
 * Level 2.4 Ranged Weapons
 + Level 9.8 Armour
 - Level 0.1 Dodging
 * Level 10.9 Stealth
 * Level 11.5 Shields
 * Level 8.2 Spellcasting


You had 30 spell levels left.
You didn't know any spells.
Your spell library contained the following spells:

 Spells                   Type           Power      Damage    Failure   Level
 Ensorcelled Hibernation  Hex/Ice        4%         N/A       91%         2
 Passwall                 Tmut/Erth      1%         N/A       91%         2
 Sublimation of Blood     Necr           2%         N/A       91%         2
 Wereblood                Tmut           2%         N/A       91%         2
 Frozen Ramparts          Ice            4%         1d1       99%         3
 Ozocubu's Armour         Ice            2%         N/A       99%         3
 Olgreb's Toxic Radiance  Pois           2%         N/A       100%        4
 Petrify                  Tmut/Erth      2%         N/A       100%        4
 Metabolic Englaciation   Hex/Ice        1%         N/A       100%        5
 Simulacrum               Ice/Necr       1%         N/A       100%        6
 Ozocubu's Refrigeration  Ice            1%         4d7       100%        7
 Summon Hydra             Summ           1%         N/A       100%        7
 Discord                  Hex            1%         N/A       100%        8
 Ignition                 Fire           1%         3d3       100%        8
 Polar Vortex             Ice            1%         N/A       100%        9
 Swiftness                Air            Unusable   N/A       N/A         3

Dungeon Overview and Level Annotations

Branches:
Dungeon (8/15)             Temple (1/1) D:7            Lair (5/5) D:8
 Shoals (1/4) Lair:2        Snake (0/4) Lair:2        Slime (0/5) Lair:5
  Sewer (visited)         Volcano (visited)

Altars:
Ashenzari
Cheibriados
Dithmenos
Elyvilon
Fedhas
Hepliaklqana
Kikubaaqudgha
Makhleb
Nemelex Xobeh
Okawaru
Ru
Sif Muna
Trog
Vehumet
Wu Jian
Xom
Yredelemnul
Zin
The Shining One
Jiyva

Shops:
D:1 !   D:8 (


Innate Abilities, Weirdness & Mutations

You cannot be hasted, slowed, berserked, paralysed or teleported.
You can dig through walls and to a lower floor.
You have a pair of large antennae on your head. (SInv)
Your four strong arms can wield two-handed weapons with a shield.


Message History

Unknown command.
Your unstable footing causes you to fumble your attack.
The wind drake bites you.
The merfolk siren hits you from afar with a +0 trident.
The water elemental hits you!
The water elemental engulfs you in water!
The merfolk hits you with a +0 trident!
The faun shoots a sling bullet.
The sling bullet barely misses you.
The merfolk hits you but does no damage.
The merfolk avatar chants its luring song.
The merfolk siren chants its luring song.
You barely miss the merfolk aquamancer. You slash the merfolk! x2
You slice the water elemental!!
Your lungs strain for air!
The water elemental completely misses you.
You block the merfolk's attack.
The merfolk hits you but does no damage.
The merfolk aquamancer casts a spell at you.
The shard of ice hits you!!
* * * LOW HITPOINT WARNING * * *
The merfolk avatar chants its luring song.
The merfolk siren hits you from afar with a +0 trident!
* * * LOW HITPOINT WARNING * * *
The merfolk hits you but does no damage.
The wind drake flaps its wings at you. The air twists around and strikes you.
The water elemental hits you.
You barely miss the merfolk aquamancer.
You open the water elemental like a pillowcase!!!
You destroy the water elemental!
The water engulfing you falls away.
You gasp with relief as air once again reaches your lungs.
You slice the wind drake!!
You kill the wind drake!
You slice the merfolk!! x2
The merfolk hits you but does no damage.
The merfolk aquamancer hits you but does no damage.
The merfolk avatar chants its luring song.
The merfolk siren chants its luring song.
The merfolk hits you with a +0 trident!
You die...

~~~$....~~~~P~~
≈≈≈~P~~~...P~~≈≈≈~~..#
≈≈≈≈~PPPP~~~~≈≈≈≈~...##
≈≈≈≈~PP~~~~~~≈≈m≈~~...#
≈≈≈≈~~PP~~~~≈≈≈≈≈~~....
≈≈≈≈~P~~~PP~~~≈≈≈cc.~~~
≈≈≈~~~~P.PPP~~~~m≈≈≈~~~
≈≈≈~~~~.....~~mm~~~~~~~
≈≈~~~~~.[...†..@m~~~~~.
≈≈~~~~..#####...~......
≈≈~~~~..# #..........
≈≈≈~~~~P.## ###...##...
≈≈≈~~~~~..# ##.## ..
≈≈≈~~~~~~.## ## ~
≈≈≈~~~~~~..###
≈≈≈≈~~~~~~~..#
≈≈≈≈≈≈≈~~~~~.###


You could see a merfolk avatar (mesmerising), a merfolk aquamancer, 2 merfolk, 2
fauns and a merfolk siren (mesmerising).

Vanquished Creatures
  3 dire elephants (Lair:5)
  4 hydras
  A centaur warrior (Shoals:1)
  A catoblepas (Lair:5)
  Erica (D:8)
  A death yak (Lair:3)
  2 skysharks
  A spectral anaconda (Lair:5)
  A sea snake (Shoals:1)
  An obsidian statue (Lair:5)
  A deep elf archer (Volcano)
  4 necromancers (Lair:5)
  6 deep elf pyromancers (Volcano)
  A salamander (Lair:2)
  32 elephants
  5 black mambas
  A merfolk siren (Lair:2)
  A torpor snail (Lair:3)
  An ice statue (Lair:3)
  9 cane toads
  A dire elephant skeleton (Lair:5)
  2 ice devils (Lair:3)
  6 komodo dragons
  5 rime drakes
  7 polar bears
  A wind drake (Shoals:1)
  7 blink frogs
  A spriggan (Lair:2)
  A water elemental (Shoals:1)
  26 yaks
  6 fire elementals (Volcano)
  5 wyverns
  7 basilisks
  A steam dragon (D:8)
  2 death yak simulacra
  2 nagas (Lair:2)
  A spectral cane toad (Lair:5)
  An acid dragon (D:8)
  20 water moccasins
  4 hell hounds (Volcano)
  An orc warrior (D:8)
  An ice beast (D:8)
  4 black bears
  A sky beast (D:7)
  19 wolves
  2 ogres (D:5)
  2 elephant skeletons (Lair:5)
  2 phantoms
  A kobold brigand (Sewer)
  Blork the orc (D:5)
  13 bullfrogs
  A two-headed ogre simulacrum (Lair:3)
  4 scorpions
  9 wights (D:8)
  An elephant simulacrum (Lair:5)
  An electric eel (Lair:2)
  2 howler monkeys (D:5)
  6 jellies
  Crazy Yiuf (D:2)
  7 orc priests
  A hound (D:4)
  A gnoll bouda (D:5)
  7 iguanas
  4 orc wizards
  4 sleepcaps
  A troll simulacrum (Lair:3)
  15 adders
  6 river rats (Sewer)
  A white imp (D:7)
  5 worms
  A dart slug (D:5)
  22 orcs
  13 ball pythons
  10 endoplasms
  4 goblins
  2 hobgoblins
  3 jackals (D:2)
  25 kobolds
  4 quokkas
  5 bats
  10 frilled lizards
  19 rats
425 creatures vanquished.

Notes
Turn   | Place    | Note
-------+----------+-------------------------------------------
     0 | D:1      | GigaChad the Formicid Fighter began the quest for the Orb.
     0 | D:1      | Reached XP level 1. HP: 18/18 MP: 1/1
    71 | D:1      | Entered explore mode.
   128 | D:1      | Reached XP level 2. HP: 24/24 MP: 2/2
   269 | D:1      | Found Wuwyriu's Distillery.
   571 | D:1      | Reached XP level 3. HP: 27/29 MP: 3/3
   786 | D:2      | Found a runed translucent door.
   787 | D:2      | Noticed Crazy Yiuf
  1471 | D:2      | Killed Crazy Yiuf
  1472 | D:2      | Reached XP level 4. HP: 3/36 MP: 4/4
  1813 | D:3      | Reached skill level 3 in Axes
  1813 | D:3      | Reached XP level 5. HP: 38/42 MP: 5/5
  1814 | D:3      | Reached skill level 1 in Stealth
  1946 | D:3      | Found a bloodstained altar of Trog.
  2036 | D:3      | Found an ornate altar of the Wu Jian Council.
  2111 | D:3      | Found a glowing drain.
  2137 | Sewer    | Entered a sewer
  2253 | Sewer    | Reached skill level 1 in Spellcasting
  2273 | Sewer    | Reached XP level 6. HP: 48/48 MP: 7/7
  2319 | Sewer    | Reached skill level 4 in Axes
  2384 | Sewer    | Reached skill level 5 in Shields
  3007 | D:3      | Found a white marble altar of Elyvilon.
  3071 | D:4      | Reached XP level 7. HP: 37/54 MP: 9/9
  3182 | D:4      | Reached skill level 5 in Axes
  4052 | D:5      | Entered Level 5 of the Dungeon
  4064 | D:5      | Reached XP level 8. HP: 43/61 MP: 11/11
  4138 | D:5      | Noticed Blork the orc
  4156 | D:5      | Killed Blork the orc
  4257 | D:5      | Reached skill level 6 in Axes
  4600 | D:5      | Reached skill level 5 in Fighting
  5018 | D:5      | Reached skill level 7 in Axes
  5019 | D:5      | Reached XP level 9. HP: 66/68 MP: 13/13
  5023 | D:5      | Reached skill level 5 in Armour
  6243 | D:6      | Reached skill level 8 in Axes
  7143 | D:7      | Found a staircase to the Ecumenical Temple.
  7152 | Temple   | Entered the Ecumenical Temple
  7164 | Temple   | Became a worshipper of the Shining One
  7230 | D:8      | HP: 3/60 [wight/+0 halberd (2)]
  7231 | D:8      | HP: 1/60 [wight/+4 dagger of freezing (1)]
  7231 | D:8      | Slain by a wight
                  | ... wielding a +3 mace
                  | (6 damage)
  7236 | D:8      | The Shining One protects you from harm!
  7238 | D:8      | HP: 2/59 [wight/+3 trident (2)]
  7239 | D:8      | Slain by a wight
                  | ... wielding a +2 long sword
                  | (5 damage)
  7245 | D:8      | Reached skill level 5 in Stealth
  7250 | D:8      | Reached * piety under the Shining One
  7589 | D:8      | The Shining One protects you from harm!
  7591 | D:8      | Reached XP level 10. HP: 8/69 MP: 15/15
  7592 | D:8      | Reached skill level 9 in Axes
  7592 | D:8      | Slain by a wight
                  | ... wielding a +3 halberd of freezing
                  | (9 damage)
  7702 | D:8      | Found a hazy altar of Hepliaklqana.
  7788 | D:8      | Found a broken altar of Ashenzari.
  7899 | D:8      | Noticed Erica
  7909 | D:8      | Killed from afar by Erica (27 damage)
                  | ... with a lance of force
  7911 | D:8      | Killed Erica
  7985 | D:8      | Found Wuhaodest's Antique Weapon Shop.
  7998 | D:8      | Bought a smouldering battleaxe for 264 gold pieces
  7998 | D:8      | Identified the +6 battleaxe of Prudence {heavy, MP+9} (You
                  | bought it in a shop on level 8 of the Dungeon)
  8208 | D:8      | Found a staircase to the Lair.
  8577 | Lair:1   | Entered Level 1 of the Lair of Beasts
  8594 | Lair:1   | Noticed an elephant
  8595 | Lair:1   | Noticed an elephant
  8595 | Lair:1   | Noticed an elephant
  8596 | Lair:1   | Noticed an elephant
  8598 | Lair:1   | Noticed an elephant
  8604 | Lair:1   | Killed an elephant
  8604 | Lair:1   | Killed an elephant
  8605 | Lair:1   | Reached skill level 10 in Axes
  8606 | Lair:1   | Killed an elephant
  8607 | Lair:1   | Killed an elephant
  8607 | Lair:1   | Killed an elephant
  8608 | Lair:1   | Reached XP level 11. HP: 6/84 MP: 18/18
  9065 | Lair:1   | Reached skill level 5 in Spellcasting
  9147 | Lair:1   | Noticed an elephant
  9147 | Lair:1   | Noticed an elephant
  9147 | Lair:1   | Noticed an elephant
  9152 | Lair:1   | Killed an elephant
  9153 | Lair:1   | Killed an elephant
  9155 | Lair:1   | Killed an elephant
  9156 | Lair:1   | Reached skill level 11 in Axes
  9904 | Lair:2   | Reached ** piety under the Shining One
 10164 | Lair:2   | Reached skill level 12 in Axes
 10216 | Lair:2   | Noticed a skyshark
 10222 | Lair:2   | The Shining One protects you from harm!
 10223 | Lair:2   | Killed a skyshark
 10224 | Lair:2   | Reached XP level 12. HP: 8/93 MP: 20/20
 10840 | Lair:2   | Found a staircase to the Snake Pit.
 10848 | Lair:2   | Identified a scroll of acquirement
 10848 | Lair:2   | Acquired 1000 gold pieces
 11203 | Lair:2   | Found a staircase to the Shoals.
 11400 | Lair:3   | Noticed a five-headed hydra
 11406 | Lair:3   | Slain by a seven-headed hydra (13 damage)
 11408 | Lair:3   | Killed a nine-headed hydra
 11410 | Lair:3   | HP: 4/94 [water moccasin (7)]
 11415 | Lair:3   | Slain by a yak (11 damage)
                  | ... led by a torpor snail
 11417 | Lair:3   | Reached skill level 13 in Axes
 11542 | Lair:3   | Noticed a death yak
 11542 | Lair:3   | Slain by a yak (13 damage)
 11548 | Lair:3   | Mangled by a death yak (21 damage)
 11563 | Lair:3   | Killed a death yak
 11565 | Lair:3   | Engulfed by an ice statue's freezing vapour (32 damage)
 11571 | Lair:3   | HP: 2/96 [ice statue/bolt of cold (23)]
 11572 | Lair:3   | Slain by an ice beast (3 damage)
                  | ... summoned by an ice statue
 11582 | Lair:3   | Reached XP level 13. HP: 48/101 MP: 22/22
 11928 | Lair:3   | Noticed a four-headed hydra
 11930 | Lair:3   | Reached skill level 14 in Axes
 11938 | Lair:3   | HP: 5/103 [eight-headed hydra (1)]
 11938 | Lair:3   | Mangled by an eight-headed hydra (13 damage)
 11939 | Lair:3   | Killed a nine-headed hydra
 12012 | Lair:3   | Reached skill level 10 in Shields
 12013 | Lair:3   | Identified the ring of Saympi {rElec rPois EV+5 Int-2
                  | Dex+3}
 12308 | Lair:4   | Reached *** piety under the Shining One
 12320 | Lair:4   | Reached skill level 10 in Fighting
 12497 | Lair:4   | Noticed a six-headed hydra
 12504 | Lair:4   | Killed a nine-headed hydra
 12504 | Lair:4   | Noticed an eight-headed hydra
 12509 | Lair:4   | Killed a nine-headed hydra
 13265 | Lair:5   | Entered Level 5 of the Lair of Beasts
 13265 | Lair:5   | Noticed a catoblepas
 13280 | Lair:5   | Slain by a catoblepas (12 damage)
 13288 | Lair:5   | Slain by a yak (9 damage)
 13294 | Lair:5   | Killed a catoblepas
 13478 | Lair:5   | Reached skill level 10 in Stealth
 13481 | Lair:5   | Reached XP level 14. HP: 50/111 MP: 25/25
 13759 | Lair:5   | Found a dark tunnel.
 13787 | Lair:5   | Reached skill level 15 in Axes
 13861 | Volcano  | Entered a volcano
 14411 | Volcano  | HP: 4/111 [deep elf archer/arrow (16)]
 14411 | Volcano  | Shot with an arrow by a deep elf archer (4 damage)
 14605 | Lair:5   | Found a staircase to the Slime Pits.
 14605 | Lair:5   | Found a viscous altar of Jiyva.
 14675 | Lair:5   | Reached **** piety under the Shining One
 14680 | Lair:5   | HP: 5/113 [skyshark (7)]
 14680 | Lair:5   | Slain by a skyshark (7 damage)
 15026 | Lair:5   | Reached skill level 1 in Ranged Weapons
 15167 | Lair:5   | Noticed a dire elephant
 15167 | Lair:5   | Noticed a dire elephant
 15167 | Lair:5   | Noticed a dire elephant
 15718 | Lair:5   | Killed a dire elephant
 15723 | Lair:5   | Killed a dire elephant
 15728 | Lair:5   | Killed a dire elephant
 15730 | Lair:5   | Slain by a dire elephant simulacrum (14 damage)
                  | ... animated by a necromancer
 15782 | Lair:5   | Reached ***** piety under the Shining One
 15791 | Lair:5   | Reached skill level 16 in Axes
 16163 | Shoals:1 | Entered Level 1 of the Shoals
 16179 | Shoals:1 | Reached XP level 15. HP: 112/119 MP: 27/27
 16228 | Shoals:1 | Slain by a merfolk

Illustrated notes

Levels and vault maps discovered:
D:1:      minmay_arrival_five_plusses, layout_loops_ring, serial_shops,
          nicolae_shop_rolling_square
D:2:      layout_loops_ring, uniq_crazy_yiuf_cottage
D:3:      layout_rooms, bloody_trog, lemuel_coloured_pillars_altar,
          mainiacjoe_overflow_concentric_impassable,
          cheibrodos_sewer_entry_bend, saegor_snake_ambush
D:4:      nicolae_cairo_tiling_large_dashed, layout_rooms,
          minmay_misc_feat_doors, minmay_puff
D:5:      layout_cave_pods, minivault_11, serial_bayou_pond_b,
          corexii_checkpoint_a, minmay_fractal_squares_gapless_5,
          uniq_blork_the_orc
D:6:      layout_basic, mrwooster_statue_mirror
D:7:      layout_basic, temple_hall, grunt_decor_arrowhead,
          minmay_misc_feat_alley
D:8:      layout_gridville, mainiacjoe_overflow_alcove_1,
          evilmike_ruin_ashenzari, grunt_lair_entry_orc_guard_hut, serial_shops,
          shop, uniq_erica
Temple:   nicolae_temple_great_sept
Lair:1:   layout_cave_pods
Lair:2:   layout_gridlike, minmay_shoals_entry_lonely_mermaid,
          alex1729_snake_entry_snake, grunt_forest_large_clearings,
          lemuel_fruit_tree, serial_bayou_shore_a
Lair:3:   dreamdust_isle_of_ice, layout_cave_shapes
Lair:4:   layout_long_grid, grunt_megastairs_5
Lair:5:   due_jungle_book, layout_regular_city, nicolae_slime_entry_slimehenge,
          nicolae_volcano_entry_hallway, gauntlet_entry_generic
Shoals:1: layout_shoals, serial_shops, nicolae_shop_overgrown_old_shop

Skill      XL: |  1  2  3  4  5  6  7  8  9 10 11 12 13 14 |
---------------+-------------------------------------------+-----
Armour         | 4 5 7 8 9 |  9.8
Axes           | 3 4 5 7 8 10 12 13 14 16 | 16.1
Stealth        | 1 2 3 5 6 7 8 10 | 10.9
Spellcasting   | 1 2 3 4 5 6 7 8 |  8.2
Shields        | 5 6 7 8 9 10 11 | 11.5
Fighting       | 4 5 6 7 8 9 10 11 | 11.6
Ranged Weapons | 2 |  2.4
Dodging        | |  0.1

Action                     |  1- 3 |  4- 6 |  7- 9 | 10-12 | 13-15 || total
---------------------------+-------+-------+-------+-------+-------++-------
  Melee: War axe           |   119 |   189 |   340 |    27 |       ||   675
         Battleaxe         |       |       |       |   151 |   287 ||   438
   Fire: Hand cannon       |       |       |       |       |    11 ||    11
Ability: Dig               |       |     1 |       |       |       ||     1
    Use: Scroll            |     5 |     3 |     2 |     8 |     1 ||    19
   Stab: Sleeping          |       |       |     1 |       |       ||     1
 Armour: Scale mail        |    90 |   160 |   311 |   148 |       ||   709
         Plate armour      |       |       |       |   187 |   564 ||   751
  Dodge: Dodged            |    63 |   113 |   209 |   160 |   303 ||   848
  Block: Buckler           |    23 |    63 |   123 |   107 |   156 ||   472

Table legend: (Time is in decaauts)
 A = Elapsed time spent in this place.
 B = Non-inter-level travel time spent in this place.
 C = Inter-level travel time spent in this place.
 D = Time resting spent in this place.
 E = Time spent auto-exploring this place.
 F = Levels seen in this place.
 G = Mean time per level.
                   A        B        C        D        E       F      G
               +--------+--------+--------+--------+--------+-----+--------+
         Total |  16739 |  16353 |    386 |   1316 |  11907 |  17 |  984.6 |
       Dungeon |   8113 |   7957 |    156 |    711 |   5869 |   8 | 1014.1 |
        Temple |     23 |     13 |     10 |      0 |      0 |   1 |   23.0 |
          Lair |   7137 |   6917 |    220 |    265 |   5398 |   5 | 1427.4 |
        Shoals |     72 |     72 |      0 |      0 |     35 |   1 |   72.0 |
         Sewer |    667 |    667 |      0 |      0 |    456 |   1 |  667.0 |
       Volcano |    724 |    724 |      0 |    340 |    148 |   1 |  724.0 |
               +--------+--------+--------+--------+--------+-----+--------+

Top non-repeatable levels by time:
  Lair:5: 2181 daAuts
     D:5: 1671 daAuts
  Lair:2: 1613 daAuts
     D:8: 1365 daAuts
  Lair:1: 1189 daAuts
  Lair:3: 1125 daAuts
     D:2: 1066 daAuts
     D:4: 1055 daAuts
  Lair:4: 1027 daAuts
     D:6: 882 daAuts
 Volcano: 724 daAuts
     D:3: 722 daAuts
     D:1: 719 daAuts
   Sewer: 667 daAuts
     D:7: 630 daAuts
